 Dungeon Crawl Stone Soup version 0.17.1-2-g5865329 (webtiles) character file.

158 namelastname112 the Magician (level 5, -4/44 HPs)
             Began as a Draconian Wizard on Jan 11, 2016.
             Killed from afar by Natasha (8 damage)
             ... with a magic dart
             ... on level 3 of the Dungeon.
             The game lasted 00:05:48 (3220 turns).

namelastname112 the Magician (Draconian Wizard)     Turns: 3220, Time: 00:05:48

Health: -4/44      AC:  5    Str:  9    XL:     5   Next: 16%
Magic:  3/10       EV: 12    Int: 19    God:
Gold:   115        SH:  0    Dex: 10    Spells: 1 memorised, 10 levels left

rFire  . . .     SeeInvis .     f - +0 spear
rCold  . . .     Clarity  .     (armour unavailable)
rNeg   + . .     SustAt   .     (no shield)
rPois  +         Gourm    .     a - +0 hat
rElec  .         Spirit   .     (no cloak)
rCorr  .         Warding  .     (no gloves)
rMut   .         Stasis   .     (no boots)
MR     .....                    (no amulet)
Stlth  ++........               m - ring of poison resistance
                                d - ring of positive energy

@: very slightly contaminated, slowed, invisible, very slow, not resistant to
hostile enchantments, unstealthy
A: unfitting armour, cold-blooded, AC +5
a: no special abilities


You were on level 3 of the Dungeon.
You were hungry.

You visited 1 branch of the dungeon, and saw 3 of its levels.

You collected 115 gold pieces.

Inventory:

Hand Weapons
 f - a +0 spear (weapon)
Armour
 a - a +0 hat (worn)
Jewellery
 d - a ring of positive energy (left hand)
 m - a ring of poison resistance (right hand)
Scrolls
 g - 2 scrolls of identify {unknown}
 h - a scroll of amnesia {unknown}
 k - a scroll of teleportation {unknown}
 q - a scroll of immolation {unknown}
Potions
 i - a potion of ambrosia {unknown}
 n - a potion of degeneration {unknown}
 p - a potion of curing {unknown}
Books
 b - a book of Minor Magic

   Spells                             Type                      Level
   a - Magic Dart                     Conjuration                  1
   b - Blink                          Translocation                2
   c - Call Imp                       Summoning                    2
   d - Repel Missiles                 Charms/Air                   2
   e - Slow                           Hexes                        2
   f - Conjure Flame                  Conjuration/Fire             3
   g - Mephitic Cloud                 Conjuration/Poison/Air       3
 l - a book of Clouds

   Spells                             Type                      Level
   a - Mephitic Cloud                 Conjuration/Poison/Air       3
   b - Conjure Flame                  Conjuration/Fire             3
   c - Poisonous Cloud                Conjuration/Poison/Air       6
   d - Freezing Cloud                 Conjuration/Ice/Air          6
   e - Ring of Flames                 Charms/Fire                  7
Comestibles
 c - 4 bread rations
 o - a royal jelly


   Skills:
 + Level 2.9 Fighting
 - Level 1.2 Polearms
 + Level 3.3 Dodging
 - Level 1.7 Stealth
 + Level 3.5 Spellcasting
 - Level 1.0 Conjurations
   Level 1.0 Summonings
   Level 1.0 Translocations


You had 10 spell levels left.
You knew the following spells:

 Your Spells              Type           Power        Failure   Level  Hunger
z - Magic Dart            Conj           #...         12%         1    None


Dungeon Overview and Level Annotations

Branches:
Dungeon (3/15)

Altars:

Annotations:
D:3 Natasha


Innate Abilities, Weirdness & Mutations

Your plain brown scales are hard (AC +5).
Your body does not fit into most forms of armour.
You are cold-blooded and may be slowed by cold attacks.


Message History

You feel as though you will be slow longer.
Natasha claws you!
* * * LOW HITPOINT WARNING * * *
You hit Natasha.
Natasha is severely wounded.
Natasha misses you. The white imp closely misses you. Natasha claws you.
* * * LOW HITPOINT WARNING * * *
Unknown command.
Evoke which item? (* to show all) (? for menu, Esc to quit)
Okay, then.
Drink which item? (? for menu, Esc to quit)
It was a potion of invisibility.
You fade into invisibility!
Natasha casts a spell.
The iron imp closely misses you.
Drink which item? (? for menu, Esc to quit)
It was a potion of cure mutation.
It has a very clean taste.
Natasha stares at you and mumbles some strange words.
The magic dart hits you!
You die...

.#.# ..# #.###.#######
#............
#####.####### #. #)# #..
########## #.# #..
.......#5####.### #..
.....55@#.......######..
..>...h###.##.#.##....(.
......# ##.............
.......###...##.##......
........#..####(####.#..
..... #...####.# #.#..
.... ##.......# #.#..
.### # ##.###### #(#..
#####.###.# ###.##.


You could see 2 iron imps, Natasha and a white imp.

Vanquished Creatures
  2 orc wizards (D:3)
  4 adders (D:2)
  An ooze (D:3)
  2 giant geckos (D:1)
  3 orcs (D:3)
  6 bats
  A giant cockroach (D:1)
  5 goblins
  12 hobgoblins
  7 jackals
  3 quokkas (D:2)
  3 giant newts
  8 kobolds
  4 rats
61 creatures vanquished.

Notes
Turn   | Place    | Note
--------------------------------------------------------------
     0 | D:1      | namelastname112 the Draconian Wizard began the quest for the Orb.
     0 | D:1      | Reached XP level 1. HP: 14/14 MP: 4/4
   243 | D:1      | Reached skill level 1 in Fighting
   279 | D:1      | Reached XP level 2. HP: 12/23 MP: 1/6
   988 | D:1      | Reached skill level 1 in Polearms
   991 | D:1      | Reached XP level 3. HP: 25/28 MP: 2/7
  2156 | D:2      | Reached XP level 4. HP: 24/36 MP: 1/8
  3140 | D:3      | Reached XP level 5. HP: 40/44 MP: 1/10
  3207 | D:3      | Noticed Natasha
  3220 | D:3      | Killed from afar by Natasha

Action                   |  1- 3 |  4- 6 || total
-------------------------+-------+-------++-------
Melee: Unarmed           |   112 |       ||   112
       Spear             |    99 |    32 ||   131
 Cast: Magic Dart        |    67 |    57 ||   124
  Use: Potion            |       |     2 ||     2
 Stab: Sleeping          |     1 |       ||     1
  Eat: Chunk             |     3 |     4 ||     7
